 Dungeon Crawl Stone Soup version 0.19.0-23-gf02e663 (webtiles) character file.

130 Rrauwl the Magician (level 4, -2/37 HPs)
             Began as a Draconian Wizard on Nov 19, 2016.
             Slain by an orc priest
             ... wielding a +2 trident of piercing
              (3 damage)
             ... on level 3 of the Dungeon.
             The game lasted 00:15:26 (1515 turns).

Rrauwl the Magician (Draconian Wizard)              Turns: 1515, Time: 00:15:27

Health: -2/37      AC:  6    Str: 11    XL:     4   Next: 89%
Magic:  6/8        EV: 12    Int: 18    God:
Gold:   105        SH:  0    Dex:  9    Spells: 1 memorised, 8 levels left

rFire  . . .     SeeInvis .     l - +2 quarterstaff (speed)
rCold  . . .     Gourm    .     (armour unavailable)
rNeg   . . .     Faith    .     (shield currently unavailable)
rPois  .         Spirit   .     a - +1 hat
rElec  .         Reflect  .     (no cloak)
rCorr  .         Harm     .     (no gloves)
MR     .....                    (no boots)
Stlth  ++........               (no amulet)
                                (no ring)
                                (no ring)

@: no status effects
A: unfitting armour, cold-blooded, AC +5
a: no special abilities


You were on level 3 of the Dungeon.
You were not hungry.

You visited 1 branch of the dungeon, and saw 3 of its levels.

You collected 105 gold pieces.

Inventory:

Hand Weapons
 d - a +0 rapier
 l - a +2 quarterstaff of speed (weapon)
Missiles
 f - 31 arrows
 j - 131 stones (quivered)
Armour
 a - a +1 hat (worn)
Scrolls
 i - 3 scrolls of teleportation
Potions
 e - a potion of lignification
Books
 b - a book of Minor Magic

   Spells                             Type                      Level
   a - Magic Dart                     Conjuration                  1
   b - Blink                          Translocation                2
   c - Call Imp                       Summoning                    2
   d - Repel Missiles                 Charms/Air                   2
   e - Slow                           Hexes                        2
   f - Conjure Flame                  Conjuration/Fire             3
   g - Mephitic Cloud                 Conjuration/Poison/Air       3
Comestibles
 c - 3 bread rations
 g - a slice of pizza
 h - a meat ration
 k - 3 chunks of flesh
 m - 2 fruits


   Skills:
 + Level 2.7 Fighting
 - Level 0.4 Short Blades
 + Level 1.1 Staves
 - Level 2.0 Dodging
 - Level 2.2 Stealth
 + Level 3.2 Spellcasting
 + Level 2.6 Conjurations
   Level 1.0 Summonings
   Level 1.0 Translocations


You had 8 spell levels left.
You knew the following spells:

 Your Spells              Type           Power        Failure   Level  Hunger
a - Magic Dart            Conj           ##..         8%          1    None


Dungeon Overview and Level Annotations

Branches:
Dungeon (3/15)

Altars:


Innate Abilities, Weirdness & Mutations

Your plain brown scales are hard. (AC +5)
You cannot fit into any form of body armour.
You are cold-blooded and may be slowed by cold attacks.


Message History

An orc comes into view. It is wielding a hand axe.
The orc priest shouts!
The orc priest invokes the aid of Beogh against you.
Beogh smites you! The orc hits you with a whip. The orc priest misses you.
You barely miss the orc priest. The orc hits you but does no damage.
You hit the orc priest.
Your tail-slap misses the orc priest.
The orc priest is lightly wounded.
The orc priest closely misses you.
The orc priest begins to cast a cantrip, but forgets the words!
You hit the orc priest.
The orc priest is moderately wounded.
The orc barely misses you.
The orc priest hits you with a trident of piercing!
* * * LOW HITPOINT WARNING * * *
You closely miss the orc priest.
The orc priest is moderately wounded.
The orc barely misses you.
The orc priest hits you with a trident of piercing!
* * * LOW HITPOINT WARNING * * *
You die...

#.# #........o.. # ## #.#
#....$...... ###..
#.###........... ....###
#.#.........o... ......##
#.#.#......?>...
....#..###...#>[.........
.....#.##.)# ##..........
.......##..## ##ooo..##..
............# #@#####
<...........####)#
......####...#...#
......# #...#.###
......#####....# #####
........# #....###...#
.....##.###....#...#.#
#...###.##.......###.##
##### #.##....##..##..##


You could see 2 orc priests and 2 orcs.

Vanquished Creatures
  The ghost of Zaque the Ducker, a weakling SpWr (D:3)
  A bullfrog skeleton (D:3)
  An adder (D:2)
  An ooze (D:1)
  A worm (D:2)
  2 dart slugs
  3 leopard geckos
  An orc (D:3)
  7 bats
  3 giant cockroaches
  3 goblins
  7 hobgoblins
  7 kobolds
  2 quokkas
  4 frilled lizards
  4 rats
48 creatures vanquished.

Notes
Turn   | Place    | Note
-------+----------+-------------------------------------------
     0 | D:1      | Rrauwl the Draconian Wizard began the quest for the Orb.
     0 | D:1      | Reached XP level 1. HP: 14/14 MP: 4/4
   140 | D:1      | Reached XP level 2. HP: 22/22 MP: 3/6
   292 | D:1      | Reached skill level 1 in Fighting
   706 | D:2      | Reached XP level 3. HP: 29/29 MP: 0/7
  1336 | D:3      | Reached XP level 4. HP: 26/37 MP: 8/8
  1428 | D:3      | Noticed Zaque's ghost (weakling SpWr)
  1453 | D:3      | Killed Zaque's ghost
  1453 | D:3      | Reached skill level 1 in Staves
  1515 | D:3      | HP: 1/37 [orc priest/trident of piercing (9)]
  1515 | D:3      | Slain by an orc priest

Skill      XL: |  1  2  3  4 |
---------------+-------------+-----
Dodging        | 2 |  2.0
Stealth        | 2 |  2.2
Fighting       | 1 2 |  2.7
Conjurations   | 2 |  2.6
Staves         | 1 |  1.1
Short Blades   | |  0.4
Spellcasting   | |  3.2
Summonings     | |  1.0
Translocations | |  1.0

Action                   |  1- 3 |  4- 6 || total
-------------------------+-------+-------++-------
Melee: Unarmed           |    51 |       ||    51
       Tailslap          |     7 |     1 ||     8
       Rapier            |    33 |       ||    33
       Quarterstaff      |     8 |    24 ||    32
 Cast: Magic Dart        |    82 |    11 ||    93
  Use: Potion            |     3 |       ||     3
       Scroll            |     5 |       ||     5
 Stab: Invisible         |     2 |       ||     2
       Sleeping          |     2 |       ||     2
  Eat: Chunk             |     2 |       ||     2
Armor: Skin              |    39 |     7 ||    46
Dodge: Dodged            |    71 |    20 ||    91
